AoeStats
← Rey David

Fortress

510408651Analyzed
1v1 RM · 11h ago on Sep 30, 2026· 42m 43s· 2 players
Game mode
Random Map
Map size
Small (3 player)
Population
200
Speed
Normal
Resources
Standard
Victory
Conquest
Starting age
Dark Age
Ending age
Imperial Age
RankedLock teamsTeams togetherTeam positionsShared explorationLock speedFull tech treeHidden civsTurbo modeCheats
Victory
Defeat
🇹🇷 Vietnamese · Türkiye
957
+17
🇪🇨 Vietnamese · Ecuador
981
-17
MzSahin
6:00 Loom
7:45 Feudal Age
12:26 Castle Age
10:15 Double-Bit Axe
10:14 Horse Collar
10:35 Gold Mining
11:06 Stone Mining
13:49 Bow Saw
13:45 Heavy Plow
15:20 Wheelbarrow
18:25 Town Watch
22:43 Hand Cart
23:30 Fletching
23:40 Padded Archer Armor
29:27 Imperial Age
26:59 Town Patrol
27:31 Bodkin Arrow
27:52 Leather Archer Armor
28:40 Stone Shaft Mining
30:17 Forging
30:08 Scale Mail Armor
30:13 Scale Barding Armor
30:49 Hoardings
30:37 Paper Money
32:29 Chemistry
31:14 Arrowslits
33:37 Ballistics
33:23 Siege Engineers
33:29 Masonry
33:14 Murder Holes
34:01 Iron Casting
33:41 Chain Mail Armor
34:46 Two-Man Saw
34:19 Crop Rotation
33:40 Elite Skirmisher
34:26 Thumb Ring
39:58 Imperial Skirmisher
41:05 Husbandry
41:15 Bloodlines
40:26 Light Cavalry
40:41 Elite Rattan Archer
Rey David
1:50 Loom
8:02 Feudal Age
8:33 Horse Collar
14:13 Castle Age
13:41 Double-Bit Axe
16:27 Fletching
18:26 Bloodlines
18:43 Forging
18:31 Bodkin Arrow
18:54 Gold Mining
22:56 Wheelbarrow
24:07 Padded Archer Armor
28:55 Leather Archer Armor
31:27 Imperial Age
31:53 Capped Ram
33:18 Paper Money
33:43 Bracer
34:14 Ballistics
36:23 Chemistry
35:29 Scale Mail Armor
35:37 Scale Barding Armor
35:36 Pikeman
39:58 Elite Rattan Archer
Connection lost

Rejoining the realm…

Still unreachable

The connection could not be restored.

Session expired

The server has moved on; the page needs a fresh start.